 Dungeon Crawl Stone Soup version 0.21.1-1-g345015fe64 (webtiles) character file.

189 Hercules1031 the Magician (level 5, -3/28 HPs)
             Began as a Gargoyle Wizard on June 15, 2018.
             Was a Follower of Vehumet.
             Shot with an arrow by a centaur (4 damage)
             ... on level 4 of the Dungeon.
             The game lasted 00:21:21 (3097 turns).

Hercules1031 the Magician (Gargoyle Wizard)         Turns: 3097, Time: 00:21:22

Health: -3/28      AC: 11    Str: 11    XL:     5   Next: 68%
Magic:  14/21      EV: 10    Int: 19    God:    Vehumet [*.....]
Gold:   142        SH:  0    Dex:  8    Spells: 4/13 levels left

rFire    . . .     SeeInvis .   i - +1 short sword
rCold    . . .     Gourm    .   (no shield)
rNeg     + . .     Faith    .   g - +0 ring mail
rPois    ∞         Spirit   .   o - +0 helmet
rElec    +         Reflect  .   l - +0 cloak
rCorr    .         Harm     .   (no gloves)
MR       .....                  (no boots)
Stlth    +.........             (no amulet)
HPRegen  0.09/turn              d - ring of wizardry
MPRegen  0.17/turn              k - ring of magical power

@: no status effects
A: negative energy resistance 1, electricity resistance, unbreathing,
petrification resistance, rot immunity, AC +4
a: Renounce Religion


You were on level 4 of the Dungeon.
You worshipped Vehumet.
Vehumet was aware of your devotion.
You were very full.

You visited 1 branch of the dungeon, and saw 4 of its levels.

You collected 142 gold pieces.

Inventory:

Hand Weapons
 i - a +1 short sword (weapon)
Armour
 a - a +0 robe
 b - a +0 hat
 e - a scarf of cloud immunity
 g - a +0 ring mail (worn)
 l - a +0 cloak (worn)
 o - a +0 helmet (worn)
Jewellery
 d - a ring of wizardry (left hand)
 j - an uncursed ring of resist corrosion
 k - a ring of magical power (right hand)
 p - an uncursed ring of resist corrosion
Scrolls
 f - 3 scrolls of identify
 h - 3 scrolls of remove curse {unknown}
 m - a scroll of immolation {unknown}
 q - a scroll of fog {unknown}
 r - a scroll of teleportation {unknown}
Books
 c - a book of Minor Magic

   Spells                             Type                      Level
   a - Magic Dart                     Conjuration                  1
   b - Blink                          Translocation                2
   c - Call Imp                       Summoning                    2
   d - Slow                           Hexes                        2
   e - Conjure Flame                  Conjuration/Fire             3
   f - Mephitic Cloud                 Conjuration/Poison/Air       3
Comestibles
 n - 2 rations


   Skills:
 - Level 1.6 Dodging
 - Level 2.3 Stealth
 * Level 4.9 Spellcasting
 + Level 3.3 Conjurations
   Level 0.8 Summonings
 - Level 0.8 Translocations


You had 4 spell levels left.
You knew the following spells:

 Your Spells              Type           Power        Failure   Level  Hunger
a - Magic Dart            Conj           ###.         3%          1    None
b - Blink                 Tloc           N/A          13%         2    #......
c - Slow                  Hex            #.......     17%         2    #......
d - Conjure Flame         Conj/Fire      ##......     17%         3    ##.....
e - Freeze                Ice            #...         12%         1    None


Dungeon Overview and Level Annotations

Branches:
Dungeon (4/15)
 Temple: D:4-7

Altars:
Gozag
Hepliaklqana
Vehumet
The Shining One

Annotations:
D:4 spacerossing's ghost, novice OgBe


Innate Abilities, Weirdness & Mutations

You are resistant to torment.
Your stone body is resilient. (AC +4)
You are immune to poison.
You resist negative energy. (rN+)
You are resistant to electric shocks. (rElec)
You can survive without breathing.
You are immune to petrification.
You are immune to rotting.


Message History

Confirm with . or Enter, or press ? or * to list all spells.
Okay, then.
The centaur shoots an arrow.
The arrow hits you!
* * * LOW HITPOINT WARNING * * *
The centaur shoots an arrow.
The arrow hits you but does no damage.
You see here 2 arrows.
Casting: Magic Dart
Confirm with . or Enter, or press ? or * to list all spells.
Aiming: Conjure Flame
Press: ? - help, Dir - move target cursor, p - phantom The fire ignites!
The centaur shoots an arrow.
The arrow hits you.
* * * LOW HITPOINT WARNING * * *
The centaur shoots an arrow.
The arrow closely misses you.
The phantom blinks!
The centaur shoots an arrow.
The arrow hits you.
* * * LOW HITPOINT WARNING * * *
The centaur shoots an arrow.
The arrow barely misses you.
You see here 2 arrows.
The centaur shoots an arrow.
The arrow hits you.
You die...

# .###) #########.#
....$.###..(@.....#
#.Wc§(...........
#.####..#####.###
#..# # #..##
##...###.
#..#......# #.
#....####.# #.#
#.#.##


You could see a centaur and spacerossing's ghost.

Vanquished Creatures
  A centaur skeleton (D:4)
  7 adders
  2 worms (D:2)
  3 dart slugs (D:2)
  2 leopard geckos
  2 ball pythons
  5 bats
  5 giant cockroaches
  12 goblins
  8 hobgoblins
  8 jackals
  5 frilled lizards
  14 kobolds
  7 rats
81 creatures vanquished.

Notes
Turn   | Place    | Note
-------+----------+-------------------------------------------
     0 | D:1      | Hercules1031 the Gargoyle Wizard began the quest for the Orb.
     0 | D:1      | Reached XP level 1. HP: 10/10 MP: 4/4
   142 | D:1      | Reached XP level 2. HP: 12/15 MP: 4/6
   147 | D:1      | Learned a level 2 spell: Blink
   150 | D:1      | Learned a level 2 spell: Slow
   895 | D:1      | Reached XP level 3. HP: 15/19 MP: 1/8
  1268 | D:1      | Learned a level 3 spell: Conjure Flame
  1645 | D:2      | Found a radiant altar of Vehumet.
  1653 | D:2      | Reached skill level 4 in Spellcasting
  1653 | D:2      | Reached XP level 4. HP: 13/24 MP: 1/10
  1664 | D:2      | Became a worshipper of Vehumet
  2132 | D:2      | Found an opulent altar of Gozag.
  2133 | D:2      | Found a glowing golden altar of the Shining One.
  2508 | D:3      | Reached XP level 5. HP: 24/28 MP: 11/11
  2531 | D:3      | Reached * piety under Vehumet
  2531 | D:3      | Offered knowledge of Freeze by Vehumet.
  2586 | D:3      | Learned a level 1 spell: Freeze
  2659 | D:3      | Found a hazy altar of Hepliaklqana.
  3076 | D:4      | Noticed a centaur
  3077 | D:4      | Noticed a phantom
  3077 | D:4      | Noticed spacerossing's ghost (novice OgBe)
  3096 | D:4      | HP: 1/28 [centaur/arrow (1)]
  3097 | D:4      | Shot with an arrow by a centaur

Skill      XL: |  1  2  3  4  5 |
---------------+----------------+-----
Conjurations   | 2 3 |  3.3
Spellcasting   | 4 |  4.9
Dodging        | |  1.6
Stealth        | |  2.3
Summonings     | |  0.8
Translocations | |  0.8

Action                   |  1- 3 |  4- 6 || total
-------------------------+-------+-------++-------
Melee: Unarmed           |    63 |       ||    63
       Short sword       |    23 |    45 ||    68
 Cast: Magic Dart        |    83 |   100 ||   183
       Conjure Flame     |     1 |     1 ||     2
       Blink             |     1 |       ||     1
       Freeze            |       |     7 ||     7
  Use: Potion            |     3 |     1 ||     4
       Scroll            |     1 |     1 ||     2
  Eat: Ration            |     2 |     2 ||     4
Armor: Robe              |    44 |     1 ||    45
       Ring mail         |       |    52 ||    52
Dodge: Dodged            |    88 |    72 ||   160
